 Dungeon Crawl Stone Soup version 0.30-a0-924-g0ad0bf95bc (webtiles) character file.

Game seed: 8799491761165362569

30 lunkers the Cudgeller (level 3, -5/29 HPs)
             Began as a Meteoran Reaver on Mar 22, 2023.
             Slain by Edmund
             ... wielding a +5 flail of protection
              (8 damage)
             ... on level 4 of the Dungeon.
             The game lasted 00:04:45 (658 turns).

lunkers the Cudgeller (Meteoran Reaver)              Turns: 658, Time: 00:04:46

Health: -5/29      AC:  4    Str: 16    XL:     3   Next: 55%
Magic:  8/8        EV: 12    Int: 14    God:
Gold:   63         SH:  0    Dex: 12    Spells: 6/7 levels left

rFire   . . .      SeeInvis .    a - +1 whip (elec)
rCold   . . .      Faith    .    (no shield)
rNeg    . . .      Spirit   .    b - +0 leather armour
rPois   .          Reflect  .    (no helmet)
rElec   .          Rampage  .    c - +0 cloak
rCorr   .                        (no gloves)
Will    .....                    (no boots)
Stlth   +                        (no amulet)
HPRegen 0.24/turn                (no ring)
MPRegen 0.11/turn                (no ring)

@: glowing
A: sense surroundings 1, otherworldly, glowing, explore regen
a: no special abilities


You were on level 4 of the Dungeon.
You visited 1 branch of the dungeon, and saw 3 of its levels.

You collected 63 gold pieces.

Inventory:

Hand Weapons
 a - a +1 whip of electrocution (weapon)
 f - a +0 mace
Armour
 b - a +0 leather armour (worn)
 c - a +0 cloak (worn)
Scrolls
 d - 2 scrolls of identify {unknown}
 g - a scroll of enchant weapon {unknown}
 h - a scroll of amnesia {unknown}
Potions
 e - a potion of curing {unknown}
 i - a potion of lignification {unknown}


   Skills:
 - Level 2.1 Fighting
 + Level 5.6 Maces & Flails
 - Level 2.4 Dodging
 - Level 2.6 Spellcasting
 - Level 3.6 Conjurations


You had 6 spell levels left.
You knew the following spells:

 Your Spells              Type           Power      Damage    Failure   Level
p - Kiss of Death         Conj/Necr      24%        2d7       13%         1

Your spell library contained the following spells:

 Spells                   Type           Power      Damage    Failure   Level
 Momentum Strike          Conj/Tloc      12%        3d8       21%         2
 Hailstorm                Conj/Ice       6%         3d4       36%         3
 Iskenderun's Battlesphe  Conj           12%        2d7       86%         5
 Fireball                 Conj/Fire      3%         3d4       98%         5
 Conjure Ball Lightning   Conj/Air       3%         3x3d6     100%        6
 Orb of Destruction       Conj           6%         9d6       100%        7


Dungeon Overview and Level Annotations

Branches:
Dungeon (2/15) Zot: 1126

Altars:

Annotations:
D:4 Edmund


Innate Abilities, Weirdness & Mutations

You passively map a small area around you.
You are easily found by Zot.
You glow in the dark.
You regain HP and MP as you explore.


Message History

You now have 63 gold pieces (gained 9).
Things that are here:
2 stones; a hobgoblin corpse A sourceless malevolence fills the Dungeon...
You fall into a shaft and drop 2 floors!
The shaft crumbles and collapses.
You hear the hiss of flowing sand.
There is an entrance to an ossuary on this level.
Hurry and find it before the portal is buried!
Found a scroll labelled SAUHUQ HOETS, a robe and a book of the Spheres.
d - 2 scrolls labelled SAUHUQ HOETS (gained 1) Edmund the Younger comes into view.
He is wielding a +5 flail of protection.
Edmund shouts!
You see here a book of the Spheres.
You pick up a book of the Spheres and begin reading...
You add the spells Iskenderun's Battlesphere, Fireball, Conjure Ball Lightning and Orb of Destruction to your library.
Edmund hits you with a +5 flail of protection!
You hit Edmund but do no damage. You closely miss Edmund.
Edmund hits you with a +5 flail of protection.
* * * LOW HITPOINT WARNING * * *
You hit Edmund but do no damage. Lightning courses through Edmund!
Edmund is moderately wounded.
Edmund completely misses you.
Unknown command.
You completely miss Edmund.
Edmund is moderately wounded.
Edmund barely misses you.
You hit Edmund but do no damage.
Edmund is moderately wounded.
Edmund misses you.
You closely miss Edmund.
Edmund is moderately wounded.
Edmund hits you with a +5 flail of protection!
* * * LOW HITPOINT WARNING * * *
You hit Edmund but do no damage.
Edmund is moderately wounded.
You hit Edmund but do no damage.
Edmund is moderately wounded.
Edmund hits you with a +5 flail of protection!
You die...

#################
,...[............#
###############.#
#@# #@# * #.# #.#
, #.#* * * #.. , *
### * *


You could see Edmund.

Vanquished Creatures
  2 dart slugs
  2 endoplasms
  2 giant cockroaches (D:1)
  4 hobgoblins
  2 kobolds (D:1)
  A quokka (D:2)
  3 ball pythons (D:1)
  2 bats
  5 frilled lizards
  2 goblins
  A rat (D:2)
26 creatures vanquished.

Vanquished Creatures (others)
  2 withered plants (D:1)
2 creatures vanquished.

Grand Total: 28 creatures vanquished

Notes
Turn   | Place    | Note
-------+----------+-------------------------------------------
     0 | D:1      | lunkers the Meteoran Reaver began the quest for the Orb.
     0 | D:1      | Reached XP level 1. HP: 17/17 MP: 5/5
   168 | D:1      | Reached XP level 2. HP: 23/24 MP: 6/6
   351 | D:1      | Reached skill level 5 in Maces & Flails
   479 | D:2      | Reached XP level 3. HP: 20/29 MP: 8/8
   639 | D:2      | You fall into a shaft and drop 2 floors!
   647 | D:4      | Noticed Edmund
   658 | D:4      | Slain by Edmund

Illustrated notes

Levels and vault maps discovered:
D:1:      psy_arrival_radial02, layout_basic,
          shapermc_ecumenical_altar_flowoftime, minmay_misc_feat_diagonals
D:2:      layout_basic, nicolae_kite_square_tiling_tiny, uniq_robin
D:4:      layout_basic, nicolae_ossuary_entry_giza, uniq_crazy_yiuf_cottage,
          uniq_duvessa, uniq_edmund, uniq_blork_the_orc

Skill      XL: |  1  2 |
---------------+-------+-----
Maces & Flails | 5 |  5.6
Fighting       | |  2.1
Dodging        | |  2.4
Spellcasting   | |  2.6
Conjurations   | |  3.6

Action                     || total
---------------------------++-------
  Melee: Mace              ||    74
         Punch             ||     1
         Whip              ||    19
 Armour: Leather armour    ||    55
  Dodge: Dodged            ||    63

Table legend: (Time is in decaauts)
 A = Elapsed time spent in this place.
 B = Non-inter-level travel time spent in this place.
 C = Inter-level travel time spent in this place.
 D = Time resting spent in this place.
 E = Time spent auto-exploring this place.
 F = Levels seen in this place.
 G = Mean time per level.
                   A        B        C        D        E       F      G
               +--------+--------+--------+--------+--------+-----+--------+
         Total |    673 |    618 |     55 |      0 |    389 |   3 |  224.3 |
       Dungeon |    673 |    618 |     55 |      0 |    389 |   3 |  224.3 |
               +--------+--------+--------+--------+--------+-----+--------+

Top non-repeatable levels by time:
     D:1: 436 daAuts
     D:2: 219 daAuts
     D:4: 17 daAuts
